 Dungeon Crawl Stone Soup version 0.24-a0-693-g39a19ac0f1 (webtiles) character file.

Game seed: 1757675676570029962, levelgen mode: deterministic

4 MisterOstroum the Vexing (level 1, -2/14 HPs)
             Began as a Human Enchanter on Sept 28, 2019.
             Slain by a hobgoblin
             ... wielding a +0 club
              (5 damage)
             ... on level 1 of the Dungeon.
             The game lasted 00:01:01 (468 turns).

MisterOstroum the Vexing (Human Enchanter)           Turns: 468, Time: 00:01:01

Health: -2/14      AC:  2    Str:  8    XL:     1   Next: 66%
Magic:  3/3        EV: 12    Int: 15    God:
Gold:   34         SH:  0    Dex: 13    Spells: 3/4 levels left

rFire    . . .     SeeInvis .   f - +4 dagger
rCold    . . .     Gourm    .   (no shield)
rNeg     . . .     Faith    .   b - +0 robe
rPois    .         Spirit   .   (no helmet)
rElec    .         Reflect  .   (no cloak)
rCorr    .         Harm     .   (no gloves)
MR       .....                  (no boots)
Stlth    ++........             (no amulet)
HPRegen  0.04/turn              (no ring)
MPRegen  0.08/turn              (no ring)

@: no status effects
A: no striking features
a: no special abilities


You were on level 1 of the Dungeon.
You were not hungry.

You visited 1 branch of the dungeon, and saw 1 of its levels.

You collected 34 gold pieces.

Inventory:

Hand Weapons
 a - a +1 dagger
 f - a +4 dagger (weapon)
Armour
 b - a +0 robe (worn)
Scrolls
 c - 3 scrolls of teleportation {unknown}
Potions
 d - a potion of haste {unknown}
Comestibles
 e - 3 rations
 g - 3 chunks of flesh


   Skills:
 + Level 0.8 Fighting
 + Level 1.1 Short Blades
 - Level 2.0 Dodging
 + Level 3.0 Stealth
 - Level 2.0 Spellcasting
 - Level 3.0 Hexes


You had 3 spell levels left.
You knew the following spells:

 Your Spells              Type           Power        Failure   Level  Hunger
a - Corona                Hex            ##.....      6%          1    #......

Your spell library contained the following spells:

 Spells                   Type           Power        Failure   Level  Hunger
 Ensorcelled Hibernation  Hex/Ice        #.....       19%         2    ###....
 Confuse                  Hex            ##......     19%         3    ###....
 Tukima's Dance           Hex            ##......     19%         3    ###....
 Dazzling Spray           Conj/Hex       #.....       34%         3    ###....


Dungeon Overview and Level Annotations

Branches:
Dungeon (1/15)

Altars:


Message History

Found 7 gold pieces.
The goblin shouts!
The hobgoblin closely misses you.
Really walk into that teleport trap?
You enter a teleport trap!
The teleport trap disappears.
Your surroundings suddenly seem different.
Found 15 stones.
You start resting.
HP restored.
All of the chunks of flesh in your inventory have rotted away.
c - 3 scrolls labeled VUQ EWAANIAFFE You now have 7 gold pieces.
Found an escape hatch in the floor.
Found a stone staircase leading down.
d - a fuming coppery potion Wear which item? (? for menu, Esc to quit)
Okay, then.
You open the door.
There is an open door here.
There is a staircase leading out of the dungeon here.
There is an open door here.
Things that are here:
a club; a glowing dagger
f - a glowing dagger Wield which item (- for none, * to show all)? (? for menu, Esc to quit)
f - a +4 dagger (weapon)
e - 3 rations (gained 1)
You now have 18 gold pieces (gained 11).
You now have 31 gold pieces (gained 13).
You now have 34 gold pieces (gained 3).
A bat and a hobgoblin come into view.
There are monsters nearby!
Unknown command.
The hobgoblin shouts!
The hobgoblin hits you with a +0 club.
You completely miss the hobgoblin. The hobgoblin hits you with a +0 club.
Unknown command.
Casting: Corona (safe; 6% risk of failure)
Confirm with . or Enter, or press ? or * to list all spells.
Aiming: Corona (safe; 6% risk of failure)
Press: ? - help, Shift-Dir - straight line, f - hobgoblin
Aim: a hobgoblin, wielding a +0 club (chance to defeat MR: 63%)
The hobgoblin is outlined in light.
The hobgoblin barely misses you.
You hit the hobgoblin.
The hobgoblin is severely wounded.
You hit the hobgoblin.
You kill the hobgoblin!
You miss the bat. The bat barely misses you.
The bat hits you but does no damage. The bat barely misses you.
The bat closely misses you. The bat misses you.
Things that are here:
a +0 club; a hobgoblin corpse You closely miss the bat.
The bat hits you but does no damage. The bat closely misses you.
Casting: Corona (safe; 6% risk of failure)
Confirm with . or Enter, or press ? or * to list all spells.
Aiming: Corona (safe; 6% risk of failure)
Press: ? - help, Shift-Dir - straight line, f - bat
Aim: a bat (chance to defeat MR: 63%)
The bat is outlined in light.
The bat hits you but does no damage. The bat completely misses you.
You hit the bat.
You kill the bat!
No target in view!
No target in view!
Magic restored.
The hobgoblin is too close now for your liking.
A hobgoblin is nearby!
Unknown command.
You see here a bat corpse.
No target in view!
No target in view!
You butcher the bat corpse.
g - a chunk of flesh You see here a bat skeleton. x2
You butcher the hobgoblin corpse.
g - 3 chunks of flesh (gained 2)
Things that are here:
a +0 club; a hobgoblin skeleton
Things that are here:
a +0 club; a hobgoblin skeleton You see here a bat skeleton.
A hobgoblin comes into view. It is wielding a +0 club.
The hobgoblin shouts!
You barely miss the hobgoblin. The hobgoblin completely misses you.
You closely miss the hobgoblin. You hit the hobgoblin.
The hobgoblin is lightly wounded.
The hobgoblin hits you with a +0 club.
You hit the hobgoblin.
The hobgoblin is severely wounded.
The hobgoblin hits you with a +0 club.
* * * LOW HITPOINT WARNING * * *
You are too injured to fight recklessly!
You are too injured to fight recklessly!
You are too injured to fight recklessly!
You hit the hobgoblin but do no damage.
The hobgoblin is severely wounded.
The hobgoblin hits you with a +0 club.
You die...

..... ..### .# #.# .#
# # ### .#.# #.# #..
.#.## .# #.# .... #.#
# #.# ..# .#
..#.###.#####..#
#.#.............@g...#
..... .........##.##.#
.##.) .##.####.##.# #
..#. #> #.##.# .#.##
##. #รท##.# ....###.##
#)##.#
.....#...#####.##.#
#..............##.#
............#####.####


You could see a hobgoblin.

Vanquished Creatures
  2 hobgoblins (D:1)
  A bat (D:1)
  A rat (D:1)
4 creatures vanquished.

Notes
Turn   | Place    | Note
-------+----------+-------------------------------------------
     0 | D:1      | MisterOstroum the Human Enchanter began the quest for the
                  | Orb.
     0 | D:1      | Reached XP level 1. HP: 13/13 MP: 3/3
   468 | D:1      | Slain by a hobgoblin

Levels and vault maps discovered:
D:1:      onia_arrival_pentagram, layout_loops_ring

Action                   || total
-------------------------++-------
Melee: Dagger            ||    17
 Cast: Corona            ||     2
 Stab: Sleeping          ||     1
Armor: Robe              ||     3
Dodge: Dodged            ||    12

Table legend:
 A = Non-vault XP
 B = Vault XP
 C = Vault XP percentage of total XP
 D = Non-vault monster count
 E = Vault monster count
 F = Vault count percentage of total count
                 A         B        C        D         E       F
            +---------+---------+-------+---------+---------+-------
      Total |       6 |       0 |   0.0 |       4 |       0 |   0.0
            +---------+---------+-------+---------+---------+-------
        D:1 |       6 |       0 |   0.0 |       4 |       0 |   0.0
            +---------+---------+-------+---------+---------+-------
